AoeStats
← jbw6792

MegaRandom

508892071Analyzed
4v4 RM · 7d ago on Sep 24, 2026· 45m 15s· 8 players
Game mode
Random Map
Map size
Large (8 player)
Population
200
Speed
Normal
Resources
Standard
Victory
Conquest
Starting age
Dark Age
Ending age
Imperial Age
RankedLock teamsTeams togetherTeam positionsShared explorationLock speedFull tech treeHidden civsTurbo modeCheats
Victory
Defeat
🇨🇳 Saracens · China
944
+15
🇫🇷 Berbers · France
902
+16
🇻🇳 Spanish · Vietnam
888
+17
🇭🇰 Magyars · Hong Kong SAR China
819
+21
🇦🇺 Danes · Australia
928
-18
🇨🇱 Huns · Chile
910
-17
🇲🇽 Saracens · Mexico
906
-17
🇬🇧 Romans · United Kingdom
902
-17
david
11:40 Feudal Age
17:12 Castle Age
15:59 Double-Bit Axe
16:48 Horse Collar
18:44 Bow Saw
19:22 Loom
26:26 Husbandry
27:28 Heavy Plow
27:31 Gold Mining
28:42 Padded Archer Armor
31:19 Pikeman
31:59 Squires
32:01 Scale Mail Armor
32:11 Forging
32:24 Stone Mining
33:44 Bloodlines
37:19 Imperial Age
35:09 Chain Mail Armor
35:29 Iron Casting
35:45 Wheelbarrow
35:51 Wheelbarrow
35:20 Gambesons
38:04 Leather Archer Armor
39:44 Chemistry
40:23 Masonry
42:30 Halberdier
45:09 Conscription
45:53 Ballistics
90_Archer
11:52 Feudal Age
11:48 Loom
15:40 Castle Age
14:18 Double-Bit Axe
16:24 Horse Collar
24:47 Wheelbarrow
24:27 Town Watch
25:25 Heavy Plow
26:15 Gold Mining
27:20 Fervor
27:38 Bow Saw
31:32 Hand Cart
35:09 Imperial Age
32:50 Scale Barding Armor
32:59 Herbal Medicine
36:23 Conscription
36:19 Elite Mameluke
37:41 Gold Shaft Mining
36:56 Stone Mining
38:26 Two-Man Saw
37:46 Town Patrol
38:04 Bimaristan
38:10 Husbandry
38:21 Bloodlines
37:32 Light Cavalry
39:26 Chemistry
38:59 Chain Barding Armor
39:14 Hussar
40:47 Plate Barding Armor
40:23 Forging
40:52 Hoardings
40:41 Ballistics
40:26 Siege Engineers
42:17 Iron Casting
42:46 Murder Holes
43:02 Fortified Wall
42:46 Fletching
[CH-FR]Frog
10:55 Feudal Age
13:19 Bloodlines
14:34 Horse Collar
16:02 Double-Bit Axe
16:56 Wheelbarrow
21:56 Forging
25:14 Castle Age
24:04 Fletching
26:15 Husbandry
25:37 Light Cavalry
26:17 Bodkin Arrow
26:39 Heavy Plow
28:11 Bow Saw
28:47 Padded Archer Armor
32:29 Thumb Ring
32:43 Scale Barding Armor
33:06 Hand Cart
35:01 Ballistics
36:13 Iron Casting
35:37 Bodkin Arrow
35:47 Treadmill Crane
37:32 Leather Archer Armor
41:18 Chain Barding Armor
41:19 Murder Holes
41:35 Masonry
41:41 Gold Mining
41:42 Stone Mining
43:16 Kasbah
47:26 Imperial Age
46:16 Gold Shaft Mining
茕惺
2:05 Loom
12:06 Feudal Age
12:33 Double-Bit Axe
12:41 Gold Mining
16:38 Wheelbarrow
16:56 Horse Collar
23:44 Castle Age
22:11 Fletching
23:18 Scale Mail Armor
23:52 Stone Mining
25:30 Gold Shaft Mining
25:07 Bow Saw
25:40 Heavy Plow
25:56 Elite Skirmisher
29:30 Bloodlines
29:30 Scale Barding Armor
30:38 Treadmill Crane
32:23 Pikeman
32:50 Arson
33:54 Murder Holes
37:43 Imperial Age
35:46 Masonry
36:35 Hand Cart
36:22 Corvinian Army
37:32 Bodkin Arrow
37:52 Chain Mail Armor
37:37 Padded Archer Armor
38:00 Chain Barding Armor
38:00 Thumb Ring
38:52 Ballistics
39:25 Conscription
39:11 Elite Magyar Huszar
39:43 Town Watch
41:31 Two-Man Saw
41:03 Crop Rotation
41:34 Bracer
42:09 Plate Barding Armor
41:50 Leather Archer Armor
41:56 Town Patrol
42:58 Chemistry
42:40 Halberdier
jbw6792
11:48 Feudal Age
11:20 Loom
16:13 Castle Age
14:47 Double-Bit Axe
16:14 Stone Mining
16:11 Horse Collar
VicRoldanG
0:57 Loom
12:05 Feudal Age
13:53 Wheelbarrow
13:06 Double-Bit Axe
13:17 Gold Mining
18:19 Castle Age
17:20 Scale Barding Armor
17:24 Horse Collar
19:57 Forging
28:03 Fletching
28:20 Husbandry
29:33 Bloodlines
30:07 Chain Barding Armor
30:34 Light Cavalry
35:29 Gold Shaft Mining
34:49 Stone Mining
35:19 Hand Cart
38:53 Iron Casting
Hannibal Barca
12:14 Feudal Age
16:15 Castle Age
14:29 Double-Bit Axe
14:26 Horse Collar
16:36 Stone Mining
17:52 Bow Saw
18:32 Heavy Plow
18:26 Gold Mining
19:36 Wheelbarrow
23:08 Town Watch
24:28 Man-at-Arms
25:09 Squires
25:13 Scale Mail Armor
25:12 Gold Mining
26:43 Ballistas
29:23 Scale Barding Armor
29:57 Husbandry
31:18 Light Cavalry
32:11 Bloodlines
32:26 Chain Barding Armor
36:10 Imperial Age
33:56 Hand Cart
34:20 Long Swordsman
34:22 Pikeman
35:21 Chain Mail Armor
35:17 Forging
36:42 Gold Shaft Mining
36:23 Heavy Scorpion
36:33 Elite Centurion
37:34 Conscription
36:37 Legionary
37:54 Siege Engineers
38:15 Ballistics
38:36 Comitatenses
42:03 Plate Barding Armor
42:04 Iron Casting
ciborg
7:32 Loom
13:50 Feudal Age
19:12 Castle Age
18:13 Arson
19:05 Scale Mail Armor
19:16 Forging
23:25 Double-Bit Axe
23:26 Horse Collar
24:58 Wheelbarrow
28:57 Wheelbarrow
32:32 Imperial Age
31:27 Hand Cart
31:38 Marauders
34:47 Bloodlines
34:38 Husbandry
34:45 Scale Barding Armor
35:46 Elite Tarkan
37:17 Chain Barding Armor
37:42 Iron Casting
37:29 Town Watch
39:54 Plate Barding Armor
40:20 Blast Furnace
40:59 Murder Holes
41:25 Ballistics
40:58 Fletching
41:08 Padded Archer Armor
43:37 Chemistry
Connection lost

Rejoining the realm…

Still unreachable

The connection could not be restored.

Session expired

The server has moved on; the page needs a fresh start.